 Dungeon Crawl Stone Soup version 0.26.0-3-g156281e41b (webtiles) character file.

Game seed: 11673305807189998243

843 Descartes the Blocker (level 8, -17/62 HPs)
             Began as a Formicid Fighter on Jan 10, 2021.
             Demolished by an ogre
             ... wielding a +0 giant club
              (21 damage)
             ... on level 5 of the Dungeon.
             The game lasted 00:11:08 (4281 turns).

Descartes the Blocker (Formicid Fighter)            Turns: 4281, Time: 00:11:08

Health: -17/62     AC:  7    Str: 20    XL:     8   Next: 20%
Magic:  8/8        EV:  9    Int:  9    God:
Gold:   242        SH: 11    Dex: 12    Spells: 7/7 levels left

rFire    . . .     SeeInvis +   C - -3 hand axe (curse)
rCold    . . .     Faith    .   c - +0 kite shield
rNeg     . . .     Spirit   .   b - +0 scale mail
rPois    .         Reflect  .   (helmet unavailable)
rElec    .         Harm     .   (no cloak)
rCorr    .         Rampage  .   (no gloves)
Will     .....                  (no boots)
Stlth    ..........             (no amulet)
HPRegen  0.20/turn              (no ring)
MPRegen  0.11/turn              (no ring)

@: lethally poisoned (-17 -> -18)
A: permanent stasis, dig shafts and tunnels, four strong arms, antennae 3
a: Dig, Shaft Self


You were on level 5 of the Dungeon.
You visited 1 branch of the dungeon, and saw 5 of its levels.

You collected 242 gold pieces.

Inventory:

Hand Weapons
 a - a +0 long sword
 r - a +1 hand axe of flaming
 w - a +1 dagger of chaos
 x - a +1 dagger of chaos
 y - a +0 spear of chaos
 C - a cursed -3 hand axe (weapon)
Missiles
 l - 40 arrows
 m - 115 stones
 n - 7 poisoned darts
 o - 12 bolts
 u - 5 large rocks
Armour
 b - a +0 scale mail (worn)
 c - a +0 kite shield (worn)
Wands
 B - a wand of acid (8)
Scrolls
 f - 2 scrolls of magic mapping
 h - a scroll of fog
 p - 2 scrolls of immolation
 s - a scroll of enchant armour
 z - 2 scrolls of teleportation
 A - 2 scrolls of fear
Potions
 d - 3 potions of might
 e - a potion of magic
 g - a potion of curing
 i - 2 potions of flight
 k - a potion of ambrosia
 t - a potion of berserk rage
 v - a potion of lignification


   Skills:
 - Level 5.0 Fighting
 - Level 2.0 Long Blades
 + Level 2.0 Axes
 + Level 5.0 Armour
 + Level 0.0 Dodging
 - Level 9.0 Shields


You had 7 spell levels left.
You didn't know any spells.
Your spell library contained the following spells:

 Spells                   Type           Power        Failure   Level
 Summon Small Mammal      Summ           0%           73%         1
 Call Imp                 Summ           0%           86%         2
 Call Canine Familiar     Summ           0%           97%         3
 Summon Guardian Golem    Hex/Summ       0%           97%         3
 Summon Ice Beast         Ice/Summ       0%           100%        4
 Summon Lightning Spire   Summ/Air       0%           100%        4


Dungeon Overview and Level Annotations

Branches:
Dungeon (5/15)
 Temple: D:4-7

Altars:
Qazlal
Xom


Innate Abilities, Weirdness & Mutations

You cannot be hasted, slowed, berserked, paralysed or teleported.
You can dig through walls and to a lower floor.
Your four strong arms can wield two-handed weapons with a shield.
You have a pair of large antennae on your head. (SInv)


Message History

The ogre is moderately wounded.
The ogre barely misses you.
You hit the ogre.
The ogre is heavily wounded.
The ogre barely misses you.
You hit the ogre.
The ogre is severely wounded.
The ogre hits you with a +0 giant club!!
* * * LOW HITPOINT WARNING * * *
You are too injured to fight recklessly!
You are too injured to fight recklessly!
You hit the ogre but do no damage.
The ogre is severely wounded.
You feel sick. The ogre hits you with a +0 giant club!
* * * LOW HITPOINT WARNING * * *
You slash the ogre!
The ogre is almost dead.
A worker ant comes into view.
The ogre hits you with a +0 giant club!!
You die...

#.# #.# .
#.##########.### #..
...............# ...
...###.#######.####.#.#
....##.# #........#
...###.# ##...#....
...# #.# ##..B...##
#.## #.# #..O###.#
#.####.# #.#@# ..
.......# #...###.#.
#.###### ###.....# #.#
#.†#..... #.# #......#.
#.# #.##.#.# #.# #.#
...# #.# #.. #.. #.##
### #.#


You could see an ogre and a worker ant.

Vanquished Creatures
  Grinder (D:3)
  A howler monkey (D:4)
  A hound (D:4)
  2 orc priests (D:4)
  A bullfrog skeleton (D:5)
  Terence (D:3)
  Jessica (D:3)
  An iguana (D:4)
  2 orc wizards (D:4)
  6 worker ants
  A hound zombie (D:4)
  3 adders
  A howler monkey skeleton (D:4)
  10 gnolls
  A white imp (D:5)
  An ooze (D:1)
  An adder skeleton (D:4)
  2 worms (D:3)
  3 dart slugs (D:1)
  2 leopard geckos (D:4)
  10 orcs
  2 giant cockroaches
  8 goblins
  3 hobgoblins (D:1)
  3 kobolds (D:2)
  A quokka (D:4)
  A ball python (D:1)
  11 bats
  4 frilled lizards
  5 rats
90 creatures vanquished.

Notes
Turn   | Place    | Note
-------+----------+-------------------------------------------
     0 | D:1      | Descartes the Formicid Fighter began the quest for the Orb.
     0 | D:1      | Reached XP level 1. HP: 18/18 MP: 1/1
    48 | D:1      | Reached skill level 4 in Shields
    56 | D:1      | Reached XP level 2. HP: 20/24 MP: 2/2
   262 | D:1      | Reached XP level 3. HP: 29/29 MP: 3/3
   453 | D:1      | Reached skill level 5 in Shields
  1188 | D:2      | Reached XP level 4. HP: 31/35 MP: 4/4
  1325 | D:2      | Reached skill level 6 in Shields
  1678 | D:3      | Reached XP level 5. HP: 33/41 MP: 5/5
  1934 | D:3      | Found a stormy altar of Qazlal.
  2015 | D:3      | Noticed Jessica
  2024 | D:3      | Noticed Grinder
  2025 | D:3      | Killed Jessica
  2026 | D:3      | Reached skill level 1 in Axes
  2036 | D:3      | Killed Grinder
  2037 | D:3      | Reached skill level 8 in Shields
  2037 | D:3      | Reached XP level 6. HP: 38/47 MP: 6/6
  2196 | D:3      | Found a shimmering altar of Xom.
  2384 | D:3      | Noticed Terence
  2387 | D:3      | Killed Terence
  2388 | D:3      | Reached XP level 7. HP: 52/52 MP: 7/7
  3191 | D:4      | Reached skill level 9 in Shields
  3339 | D:4      | HP: 1/52 [orc priest/divine providence (12)]
  3688 | D:4      | Reached XP level 8. HP: 60/61 MP: 8/8
  4030 | D:5      | Entered Level 5 of the Dungeon
  4256 | D:5      | Reached skill level 5 in Fighting
  4256 | D:5      | Reached skill level 5 in Armour
  4281 | D:5      | Demolished by an ogre

Illustrated notes

Levels and vault maps discovered:
D:1:      scummos_arrival_simple_crosswalls, layout_basic, lemuel_flame_loot_1
D:2:      layout_loops_ring
D:3:      layout_loops_ring, grunt_qazlal_clouds, tgw_xom, corexii_corridor_pit,
          kennysheep_generic_room_14, uniq_grinder, uniq_terence, uniq_jessica
D:4:      layout_cave_pools, minmay_close_crescents
D:5:      layout_loops_corners, overflow_temple_1_default, serial_shops,
          kennysheep_mini, minmay_fractal_squares_5, uniq_sigmund

Skill      XL: |  1  2  3  4  5  6  7  8 |
---------------+-------------------------+-----
Shields        | 4 5 6 8 9 |  9.0
Axes           | 2 |  2.0
Fighting       | 4 5 |  5.0
Armour         | 4 5 |  5.0
Long Blades    | |  2.0

Action                   |  1- 3 |  4- 6 |  7- 9 || total
-------------------------+-------+-------+-------++-------
Melee: Long sword        |    93 |       |       ||    93
       Hand axe          |       |    87 |   150 ||   237
  Use: Potion            |       |       |     4 ||     4
       Scroll            |       |       |    10 ||    10
Armor: Scale mail        |    53 |    24 |    45 ||   122
Dodge: Dodged            |    41 |    32 |    48 ||   121
Block: Kite shield       |    64 |    34 |   102 ||   200
       Rpst.: Long sword |    13 |       |       ||    13
